 Dungeon Crawl Stone Soup version 0.22.1-1-ga44c0e56f4 (webtiles) character file.

54 Reeggar the Poker (level 3, -2/29 HPs)
             Began as a Demonspawn Berserker on Oct 19, 2018.
             Was a Believer of Trog.
             Slain by a worm (7 damage)
             ... on level 2 of the Dungeon.
             The game lasted 00:09:56 (1281 turns).

Reeggar the Poker (Demonspawn Berserker)            Turns: 1281, Time: 00:09:57

Health: -2/29      AC:  2    Str: 18    XL:     3   Next: 66%
Magic:  3/3        EV: 12    Int:  8    God:    Trog [**....]
Gold:   148        SH:  0    Dex: 12    Spells: 2/2 levels left

rFire    . . .     SeeInvis .   a - +0 spear
rCold    . . .     Gourm    .   (no shield)
rNeg     . . .     Faith    .   b - +0 animal skin
rPois    .         Spirit   .   (no helmet)
rElec    .         Reflect  .   (no cloak)
rCorr    .         Harm     .   (no gloves)
MR       .....                  (no boots)
Stlth    +.........             (no amulet)
HPRegen  0.09/turn              (no ring)
MPRegen  0.08/turn              (no ring)

@: no status effects
A: hooves 1, powered by pain 1
a: Berserk, Trog's Hand, Renounce Religion


You were on level 2 of the Dungeon.
You worshipped Trog.
Trog was pleased with you.
You were not hungry.

You visited 1 branch of the dungeon, and saw 2 of its levels.

You collected 148 gold pieces.

Inventory:

Hand Weapons
 a - a +0 spear (weapon)
 c - a cursed +0 short sword
 e - a +0 short sword
 f - a +2 mace of holy wrath
 h - a +0 spear
 p - a cursed -2 short sword
Missiles
 d - 13 poisoned needles
Armour
 b - a +0 animal skin (worn)
 j - a scarf of repulsion
 l - a +0 robe
 n - a +0 robe
Scrolls
 o - a scroll of immolation {unknown}
Potions
 i - a potion of curing {unknown}
 m - a potion of heal wounds {unknown}
 q - a potion of cancellation {unknown}
 r - a potion of brilliance {unknown}
Comestibles
 g - a chunk of flesh
 k - 4 rations


   Skills:
 * Level 3.4 Fighting
 * Level 0.2 Maces & Flails
 + Level 3.6 Polearms
 + Level 1.9 Armour
 + Level 2.1 Dodging


You had 2 spell levels left.
You didn't know any spells.
Your spell library was empty.

Dungeon Overview and Level Annotations

Branches:
Dungeon (2/15)

Altars:
The Shining One


Innate Abilities, Weirdness & Mutations

You have large cloven feet.
You sometimes gain a little power by taking damage.


Message History

A giant cockroach comes into view.
Found a scroll of identify.
The jackal misses you. The jackal barely misses you.
You feel a little less agile now. The jackal barely misses you.
The worm bites you but does no damage.
The jackal bites you but does no damage.
You barely miss the jackal. You kick the jackal.
You kill the jackal!
Trog accepts your kill. The worm misses you. The worm bites you!
* * * LOW HITPOINT WARNING * * *
The giant cockroach bites you.
* * * LOW HITPOINT WARNING * * *
You barely miss the worm. You kick the worm!
The worm is heavily wounded.
The giant cockroach bites you.
* * * LOW HITPOINT WARNING * * *
The worm bites you!
You die...

#.# ...# .. ###.. ....#
......... ..$# ....#
......=..###$. ....#
..(..........#####...#
.........#>..........##
.........#............#
.........#%.....@w#
.........#..†...s.#.
.............?..........
#................#..?..
###†#...##........#.....
..)...#.............####
####..####........... #
##.# #####.######. #...
#.#


You could see a worm and a giant cockroach.

Vanquished Creatures
  A worm (D:2)
  4 dart slugs
  2 ball pythons
  A giant cockroach (D:1)
  5 goblins (D:1)
  9 hobgoblins
  4 jackals (D:2)
  2 bats (D:1)
  3 frilled lizards (D:1)
  5 kobolds
  4 rats
40 creatures vanquished.

Notes
Turn   | Place    | Note
-------+----------+-------------------------------------------
     0 | D:1      | Reeggar the Demonspawn Berserker began the quest for the
                  | Orb.
     0 | D:1      | Reached XP level 1. HP: 18/18 MP: 1/1
   259 | D:1      | Gained mutation: You have large cloven feet. [demonic
                  | ancestry]
   259 | D:1      | Reached XP level 2. HP: 11/24 MP: 2/2
   696 | D:1      | Reached ** piety under Trog
   780 | D:1      | Gained mutation: You sometimes gain a little power by
                  | taking damage. [demonic ancestry]
   780 | D:1      | Reached XP level 3. HP: 28/29 MP: 3/3
  1069 | D:2      | Found a glowing golden altar of the Shining One.
  1281 | D:2      | Slain by a worm

Skill      XL: |  1  2 |
---------------+-------+-----
Polearms       | 3 |  3.6
Dodging        | 2 |  2.1
Fighting       | |  3.4
Maces & Flails | |  0.2
Armour         | |  1.9

Action                   || total
-------------------------++-------
Melee: Spear             ||   127
       Kick              ||    29
Invok: Berserk           ||     1
       Trog's Hand       ||     1
  Use: Scroll            ||     4
  Eat: Ration            ||     1
Armor: Animal skin       ||    40
Dodge: Dodged            ||    95
